 Dungeon Crawl Stone Soup version 0.30-a0-1160-g6e42c06551 (webtiles) character file.

Game seed: 15793781448045776741

99 Jase the Chopper (level 4, 0/41 HPs)
             Began as a Hill Orc Fighter on Apr 27, 2023.
             Was an Initiate of Okawaru.
             Killed from afar by an orc wizard (3 damage)
             ... with a puff of flame
             ... on level 4 of the Dungeon.
             The game lasted 00:03:52 (2650 turns).

Jase the Chopper (Hill Orc Fighter)                 Turns: 2650, Time: 00:03:53

Health: 0/41       AC: 10    Str: 20    XL:     4   Next: 72%
Magic:  4/4        EV:  8    Int:  8    God:    Okawaru [......]
Gold:   243        SH:  0    Dex: 10    Spells: 3/3 levels left

rFire   . . .        a - +0 war axe
rCold   . . .        (no shield)
rNeg    . . .        m - +0 chain mail
rPois   .            n - +0 helmet
rElec   .            (no cloak)
rCorr   .            (no gloves)
SInv    .            (no boots)
Will    .....        (no amulet) Stlth
                     (no ring)
HPRegen 0.26/turn    (no ring)
MPRegen 0.09/turn

%: no passive effects
@: lethally poisoned (0 -> -10)
A: no striking features
a: Renounce Religion


You were on level 4 of the Dungeon.
You worshipped Okawaru.
Okawaru was noncommittal.
You visited 1 branch of the dungeon, and saw 4 of its levels.

You collected 243 gold pieces.

Inventory:

Hand Weapons
 a - a +0 war axe (weapon)
Missiles
 c - 42 stones (quivered)
 g - 8 poisoned darts
 o - 6 javelins
Armour
 m - a +0 chain mail (worn)
 n - a +0 helmet (worn)
Scrolls
 b - a scroll of enchant armour {unknown}
 e - 5 scrolls of identify {unknown}
 f - a scroll of magic mapping {unknown}
 h - a scroll of blinking {unknown}
 j - 2 scrolls of poison {unknown}
 p - a scroll of teleportation {unknown}
Potions
 d - a potion of might
 i - 3 potions of curing {unknown}
 k - a potion of attraction {unknown}
 l - a potion of degeneration {unknown}
 q - a potion of resistance {unknown}


   Skills:
 + Level 4.4 Fighting
 * Level 4.7 Axes
 + Level 4.0 Armour
 - Level 3.2 Shields
 + Level 0.8 Invocations


You had 3 spell levels left.
You didn't know any spells.
Your spell library was empty.

Dungeon Overview and Level Annotations

Branches:
Dungeon (4/15)
 Temple: D:4-7

Altars:
Okawaru
Ru


Message History

The giant cockroach waves its antennae.
The giant cockroach closely misses you.
Things that are here:
a +0 club; an orc corpse Unknown command.
You barely miss something. You barely miss the orc wizard.
You hit the giant cockroach but do no damage.
The giant cockroach bites you but does no damage.
You hear some strange, mumbled words.
A puff of flame appears from out of thin air!
The puff of flame hits you!
The orc wizard hits you with a +0 dagger.
The orc hits you but does no damage.
You are poisoned.
You completely miss something. You hit the giant cockroach.
You closely miss the orc wizard.
You feel very sick.
The giant cockroach bites you but does no damage.
Something hits you.
* * * LOW HITPOINT WARNING * * *
The orc wizard barely misses you. The orc barely misses you.
The giant cockroach bites you but does no damage.
Unknown command.
You barely miss something. You barely miss the giant cockroach.
You closely miss the orc wizard.
You feel sick. Something hits you but does no damage.
The orc hits you from afar with a +2 trident of venom.
* * * LOW HITPOINT WARNING * * *
You are lethally poisoned!
The orc wizard barely misses you.
The giant cockroach completely misses you.
You barely miss something. You barely miss the giant cockroach.
You miss the orc wizard.
* * * LOW HITPOINT WARNING * * *
You feel very sick. The orc barely misses you.
You hear some strange, mumbled words.
A puff of flame appears from out of thin air!
The puff of flame hits you.
You die...

..........................#
..........................#
....#.....................#
....##...............######
....##...............####
#####.#............#
............##.#
.....o{.....# #
......o@....# .......)B...#
>...........# ...#........#
## #....##### .......
........ ........


You could see an orc wizard, an orc and a giant cockroach.

Vanquished Creatures
  A gnoll (D:3)
  An adder (D:3)
  3 worms
  A dart slug (D:3)
  4 orcs
  8 endoplasms
  2 giant cockroaches
  9 goblins
  5 hobgoblins
  3 jackals (D:2)
  5 kobolds
  3 quokkas
  7 ball pythons
  A bat (D:1)
  3 frilled lizards (D:3)
  4 rats
60 creatures vanquished.

Notes
Turn   | Place    | Note
-------+----------+-------------------------------------------
     0 | D:1      | Jase the Hill Orc Fighter began the quest for the Orb.
     0 | D:1      | Reached XP level 1. HP: 19/19 MP: 1/1
    60 | D:1      | Reached XP level 2. HP: 22/27 MP: 2/2
   606 | D:2      | Reached XP level 3. HP: 33/33 MP: 3/3
  1756 | D:3      | Found an iron altar of Okawaru.
  1759 | D:3      | Reached XP level 4. HP: 40/40 MP: 4/4
  1823 | D:3      | Became a worshipper of Warmaster Okawaru
  2569 | D:4      | Found a sacrificial altar of Ru.
  2650 | D:4      | Killed from afar by an orc wizard

Illustrated notes

Levels and vault maps discovered:
D:1:      tarquinn_simple_flora_water_a, layout_rooms, minmay_misc_feat_five
D:2:      layout_loops_ring, serial_co_window_serial,
          co_window_of_opportunity_a, co_window_of_opportunity_a,
          co_window_paths_a, co_window_corner_a, co_window_corner_a,
          co_window_corner_a, co_window_corner_a, co_window_corner_a,
          co_window_paths_a, co_window_of_opportunity_c,
          co_window_of_opportunity_c, co_window_broadway_b,
          co_window_unsneaky_path_a, co_window_4corner_b, glass_columns_a,
          minivault_27, chequers_serial_rivers_micro_b, amethyst_killhole
D:3:      layout_basic, okawaru_altar_gauntlet_db, minmay_strange_pillars
D:4:      layout_basic, demons_altar, nicolae_ru_path_of_blood

Skill      XL: |  1  2  3  4 |
---------------+-------------+-----
Axes           | 3 4 |  4.7
Fighting       | 4 |  4.4
Armour         | 4 |  4.0
Shields        | |  3.2
Invocations    | |  0.8

Action                     |  1- 3 |  4- 6 || total
---------------------------+-------+-------++-------
  Melee: War axe           |    81 |    68 ||   149
         Punch             |     1 |       ||     1
 Armour: Scale mail        |    22 |       ||    22
         Chain mail        |    16 |    34 ||    50
  Dodge: Dodged            |    34 |    35 ||    69

Table legend: (Time is in decaauts)
 A = Elapsed time spent in this place.
 B = Non-inter-level travel time spent in this place.
 C = Inter-level travel time spent in this place.
 D = Time resting spent in this place.
 E = Time spent auto-exploring this place.
 F = Levels seen in this place.
 G = Mean time per level.
                   A        B        C        D        E       F      G
               +--------+--------+--------+--------+--------+-----+--------+
         Total |   2696 |   2551 |    145 |     29 |   2037 |   4 |  674.0 |
       Dungeon |   2696 |   2551 |    145 |     29 |   2037 |   4 |  674.0 |
               +--------+--------+--------+--------+--------+-----+--------+

Top non-repeatable levels by time:
     D:2: 1252 daAuts
     D:3: 828 daAuts
     D:1: 508 daAuts
     D:4: 106 daAuts
